 Dungeon Crawl Stone Soup version 0.30-a0-6-g7c9e10e132 (webtiles) character file.

Game seed: 11092748746445450211

6520 ytrimaz the Spear-Bearer (level 10, -4/73 HPs)
             Began as a Demonspawn Fighter on Aug 22, 2022.
             Was an Elder of Cheibriados.
             Slain by a wolf (8 damage)
             ... in a bailey.
             The game lasted 00:13:32 (9511 turns).

ytrimaz the Spear-Bearer (Demonspawn Fighter)       Turns: 9511, Time: 00:13:33

Health: -4/73      AC: 21    Str: 24 (26) XL:     10   Next: 69%
Magic:  8/10       EV:  6    Int: 29 (32) God:    Cheibriados [****..]
Gold:   657        SH:  0    Dex: 20 (22) Spells: 9/9 levels left

rFire   + + +      SeeInvis .    i - +4 glaive of Descent {flame, Contam *Noise rF+++ Int+7}
rCold   . . .      Faith    .    (shield currently unavailable)
rNeg    . . .      Spirit   .    A - +0 plate armour
rPois   +          Reflect  .    (helmet restricted)
rElec   .          Harm     .    (no cloak)
rCorr   .          Rampage  .    (no gloves)
Will    +....      Clarity  +    B - +0 pair of boots
Stlth   ..........               (no amulet)
HPRegen 0.22/turn                e - ring of poison resistance
MPRegen 0.12/turn                b - +4 ring of slaying

@: mighty, weakened, sanguine armoured, very slow
A: ignite blood 1, sanguine armour 2, demonic magic 1, weakness stinger 1, claws
1, horns 1, clarity, strong-willed 1, MP-powered wands
a: Renounce Religion, Bend Time, Temporal Distortion, Slouch


You were in a bailey.
You worshipped Cheibriados.
Cheibriados was greatly pleased with you.
You visited 1 branch of the dungeon, and saw 9 of its levels.
You also visited: Bailey.

You collected 657 gold pieces.

Inventory:

Hand Weapons
 a - a +1 war axe
 i - the +4 glaive of Descent (weapon) {flame, Contam *Noise rF+++ Int+7}
   (You found it on level 2 of the Dungeon)

   It burns those it strikes, dealing additional fire damage.
   Big, fiery blades are also staple armaments of hydra-hunters.
   Int:       It affects your intelligence (+7).
   rF:        It renders you almost immune to fire.
   *Noise:    It may make noises in combat.
   Contam:    It causes magical contamination when unequipped.
 u - a +3 halberd of freezing
Missiles
 l - 3 boomerangs (quivered)
 y - 2 throwing nets
Armour
 c - a +0 buckler
 A - a +0 plate armour (worn)
 B - a +0 pair of boots (worn)
Jewellery
 b - a +4 ring of slaying (right claw)
 e - a ring of poison resistance (left claw)
Wands
 w - a wand of flame (17)
 x - a wand of iceblast (4)
 z - a wand of mindburst (8)
Scrolls
 h - 8 scrolls of noise
 j - 2 scrolls of enchant armour
 n - 2 scrolls of amnesia
 v - 2 scrolls of magic mapping
Potions
 d - 3 potions of degeneration
 k - a potion of lignification {unknown}
 m - 4 potions of ambrosia {unknown}
 o - 2 potions of mutation
 p - a potion of attraction {unknown}
 q - 2 potions of resistance {unknown}
 r - a potion of might
 s - 2 potions of berserk rage {unknown}
 t - a potion of haste {unknown}


   Skills:
 - Level 4.3 Fighting
 - Level 2.8(8.7) Axes
 + Level 12.8(12.9) Polearms
 * Level 6.3 Throwing
 - Level 3.0 Armour
 - Level 3.0 Shields


You had 9 spell levels left.
You didn't know any spells.
Your spell library contained the following spells:

 Spells                   Type           Power      Damage    Failure   Level
 Foxfire                  Conj/Fire      0%         2x1d4     88%         1
 Magic Dart               Conj           0%         1d3       88%         1
 Searing Ray              Conj           0%         2d4       96%         2
 Static Discharge         Conj/Air       0%         3-3/arc   96%         2
 Call Canine Familiar     Summ           0%         N/A       99%         3
 Conjure Flame            Conj/Fire      0%         6-21      99%         3
 Inner Flame              Hex/Fire       0%         N/A       99%         3
 Ozocubu's Armour         Ice            0%         N/A       99%         3
 Portal Projectile        Hex/Tloc       0%         N/A       99%         3
 Cause Fear               Hex            0%         N/A       100%        4
 Flame Wave               Conj/Fire      0%         2d4       100%        4
 Fulminant Prism          Conj/Hex       0%         3d6       100%        4
 Leda's Liquefaction      Hex/Erth       0%         N/A       100%        4
 Lightning Bolt           Conj/Air       0%         1d11      100%        5
 Metabolic Englaciation   Hex/Ice        0%         N/A       100%        5
 Simulacrum               Ice/Necr       0%         N/A       100%        6
 Discord                  Hex            0%         N/A       100%        8
 Maxwell's Capacitive Co  Air            0%         ∞         100%        8


Dungeon Overview and Level Annotations

Branches:
Dungeon (9/15)             Temple (0/1) D:7          Bailey (1/1)
   Lair: D:8-11         Orc: D:9-12

Altars:
Cheibriados
Dithmenos
Gozag
Kikubaaqudgha
Nemelex Xobeh
Sif Muna
Trog
Wu Jian
Xom

Annotations:
D:5 1 runed translucent door, Crazy Yiuf


Innate Abilities, Weirdness & Mutations

Your demonic aura sometimes causes spilled blood to erupt in flames.
When seriously injured, your blood forms thick armour. (AC +9)
Spells you cast may paralyse adjacent enemies.
You have a small tail.
You have sharp fingernails.
You have a pair of small horns on your head.
You possess an exceptional clarity of mind.
You are strong-willed. (Will+)
You expend magic power (3 MP) to strengthen your wands.


Message History

The gnoll sergeant hits you from afar with a +0 halberd.
* * * LOW HITPOINT WARNING * * *
The gnoll sergeant hits you but does no damage.
A gnoll sergeant comes into view.
It is wielding a +0 glaive and carrying a wand of quicksilver (2).
Unknown command.
You feel better.
The wolf howls!
The wolf bites you.
* * * LOW HITPOINT WARNING * * *
The wolf bites you but does no damage. The gnoll sergeant barely misses you.
The gnoll sergeant hits you but does no damage.
Activating: Slouch (63% risk of failure)
Press: ? - help, Dir - look around, f - activate You fail to use your ability.
The wolf bites you.
* * * LOW HITPOINT WARNING * * *
The gnoll sergeant hits you from afar with a +0 halberd.
* * * LOW HITPOINT WARNING * * *
The gnoll sergeant hits you but does no damage.
The wolf bites you but does no damage.
Unknown command.
Activating: Slouch (63% risk of failure)
Press: ? - help, Dir - look around, f - activate You fail to use your ability.
The wolf bites you but does no damage.
The gnoll sergeant hits you from afar with a +0 halberd.
* * * LOW HITPOINT WARNING * * *
The gnoll sergeant hits you but does no damage.
Unknown command.
Unknown command.
Okay, then.
You feel better.
The wolf bites you but does no damage. x2
The gnoll sergeant hits you from afar with a +0 halberd!
* * * LOW HITPOINT WARNING * * *
The gnoll bouda gazes fiercely through you!
You feel your attacks grow feeble. The gnoll sergeant barely misses you.
It was a potion of degeneration.
There was something very wrong with that liquid.
You feel weakened.
You feel dopey.
You feel clumsy. The wolf bites you!
You die... ≈≈≈≈≈≈≈ ..... ..... #####...#### ...#...#.. .'ghg'.

#.gg#
##h##
##@).##
##.....##
#.......#
#...8...#
#.......#
##.....##
##)))##
##'##
#..)#


You could see 2 gnoll sergeants, 2 wolves and a gnoll bouda.

Vanquished Creatures
  A two-headed ogre (D:8)
  A troll (D:9)
  Grinder (D:5)
  Sigmund (D:5)
  A wyvern (D:8)
  Grum (Bailey)
  A steam dragon (D:7)
  Edmund (D:5)
  Menkaure (D:5)
  3 water moccasins
  4 orc warriors
  An ice beast (D:6)
  2 black bears
  3 wolves (Bailey)
  2 centaurs
  2 phantoms
  A kobold brigand (D:7)
  3 necrophages
  6 bullfrogs
  4 gnoll sergeants (Bailey)
  3 scorpions
  12 wights
  6 killer bees (D:7)
  A howler monkey (D:5)
  4 hounds
  3 orc priests
  2 jellies (D:7)
  7 gnoll boudas
  7 iguanas
  A scorpion zombie (D:2)
  6 orc wizards
  27 gnolls
  5 adders
  2 shadow imps (D:7)
  3 white imps (D:7)
  An ufetubus (D:4)
  An adder zombie (D:2)
  2 adder skeletons (D:2)
  2 worms
  3 dart slugs
  16 orcs
  8 ball pythons
  2 bat skeletons (D:2)
  3 bat zombies (D:2)
  6 endoplasms
  A giant cockroach (D:1)
  6 goblins
  8 hobgoblins
  5 jackals (D:2)
  4 kobolds
  3 quokkas
  A ball python skeleton (D:2)
  A ball python zombie (D:2)
  7 bats
  2 frilled lizards (D:1)
  A giant cockroach zombie (D:2)
  A jackal skeleton (D:2)
  6 rats
219 creatures vanquished.

Vanquished Creatures (others)
  A shadow (D:7)
1 creature vanquished.

Grand Total: 220 creatures vanquished

Notes
Turn   | Place    | Note
-------+----------+-------------------------------------------
     0 | D:1      | ytrimaz the Demonspawn Fighter began the quest for the Orb.
     0 | D:1      | Reached XP level 1. HP: 18/18 MP: 1/1
    53 | D:1      | Gained mutation: You have a small tail. [demonic ancestry]
    53 | D:1      | Reached XP level 2. HP: 3/24 MP: 2/2
   750 | D:1      | Reached XP level 3. HP: 29/29 MP: 3/3
   957 | D:1      | Noticed a great orb of eyes
   959 | D:1      | Found a faded altar of an unknown god.
   961 | D:1      | Noticed a shining eye
   969 | D:1      | Noticed an eye of devastation
   969 | D:1      | Noticed a great orb of eyes
  1610 | D:2      | Gained mutation: When seriously injured, your blood forms
                  | armour. (AC +9) [demonic ancestry]
  1610 | D:2      | Reached XP level 4. HP: 37/37 MP: 4/4
  1613 | D:2      | Identified the +4 glaive of Descent {flame, Contam *Noise
                  | rF+++ Int+7}
  1985 | D:3      | Reached skill level 1 in Polearms
  2248 | D:3      | Gained mutation: Your demonic aura sometimes causes spilled
                  | blood to erupt in flames. [demonic ancestry]
  2248 | D:3      | Reached XP level 5. HP: 42/42 MP: 5/5
  2279 | D:3      | Found a shimmering blue altar of Sif Muna.
  2279 | D:3      | Found a snail-covered altar of Cheibriados.
  2279 | D:3      | Found a shadowy altar of Dithmenos.
  2342 | D:3      | Became a worshipper of Cheibriados the Contemplative
  2775 | D:4      | Noticed a phantom
  2781 | D:4      | Killed a phantom
  2782 | D:4      | Reached skill level 2 in Polearms
  2782 | D:4      | Reached skill level 1 in Throwing
  2833 | D:4      | Gained mutation: You have large cloven feet. [potion of
                  | mutation]
  2833 | D:4      | Gained mutation: You have a pair of small horns on your
                  | head. [potion of mutation]
  2833 | D:4      | Gained mutation: You occasionally lose the ability to drink
                  | potions when taking damage. [potion of mutation]
  2834 | D:4      | Lost mutation: You have large cloven feet. [potion of
                  | mutation]
  2834 | D:4      | Lost mutation: You occasionally lose the ability to drink
                  | potions when taking damage. [potion of mutation]
  2834 | D:4      | Gained mutation: You expend magic power (3 MP) to
                  | strengthen your wands. [potion of mutation]
  2834 | D:4      | Gained mutation: You are strong-willed. (Will+) [potion of
                  | mutation]
  2834 | D:4      | Gained mutation: You possess an exceptional clarity of
                  | mind. [potion of mutation]
  2834 | D:4      | Gained mutation: You have sharp fingernails. [potion of
                  | mutation]
  2881 | D:4      | Reached skill level 3 in Polearms
  2881 | D:4      | Gained mutation: When seriously injured, your blood forms
                  | thick armour. (AC +9) [demonic ancestry]
  2881 | D:4      | Reached XP level 6. HP: 49/49 MP: 6/6
  3349 | D:4      | Reached * piety under Cheibriados
  3350 | D:4      | Reached skill level 4 in Polearms
  3557 | D:5      | Entered Level 5 of the Dungeon
  3565 | D:5      | Noticed Sigmund
  3568 | D:5      | Killed Sigmund
  3569 | D:5      | Reached skill level 5 in Polearms
  3569 | D:5      | Gained mutation: Spells you cast may paralyse adjacent
                  | enemies. [demonic ancestry]
  3569 | D:5      | Reached XP level 7. HP: 55/55 MP: 7/7
  3938 | D:5      | Noticed Edmund
  3943 | D:5      | Killed Edmund
  3944 | D:5      | Reached skill level 6 in Polearms
  4092 | D:5      | Found a runed translucent door.
  4093 | D:5      | Noticed Crazy Yiuf
  4324 | D:5      | Noticed Menkaure
  4329 | D:5      | Killed Menkaure
  4330 | D:5      | Reached XP level 8. HP: 61/61 MP: 8/8
  4349 | D:5      | Reached skill level 7 in Polearms
  4505 | D:5      | Noticed Grinder
  4512 | D:5      | Killed Grinder
  4639 | D:5      | Found a sparkling altar of Nemelex Xobeh.
  5026 | D:6      | Reached ** piety under Cheibriados
  5027 | D:6      | Reached skill level 8 in Polearms
  5537 | D:6      | Reached XP level 9. HP: 28/66 MP: 9/9
  5574 | D:6      | Reached skill level 9 in Polearms
  6553 | D:7      | Reached skill level 10 in Polearms
  6558 | D:7      | Reached *** piety under Cheibriados
  6559 | D:7      | Reached skill level 5 in Throwing
  6746 | D:7      | Found a shimmering altar of Xom.
  6746 | D:7      | Found an ornate altar of the Wu Jian Council.
  6747 | D:7      | Found an ancient bone altar of Kikubaaqudgha.
  6964 | D:7      | Found a bloodstained altar of Trog.
  7322 | D:7      | Reached skill level 11 in Polearms
  7338 | D:7      | Reached XP level 10. HP: 32/73 MP: 10/10
  7347 | D:7      | Reached **** piety under Cheibriados
  7551 | D:7      | Identified the +6 long sword of the Iron City of Dis
                  | {flame, Dex+3}
  7937 | D:7      | Found a staircase to the Ecumenical Temple.
  8117 | D:8      | Noticed a two-headed ogre
  8120 | D:8      | Killed a two-headed ogre
  8316 | D:8      | Reached skill level 12 in Polearms
  8771 | D:8      | Found an opulent altar of Gozag.
  9091 | D:9      | Found a flagged portal.
  9104 | Bailey   | Entered a bailey
  9488 | Bailey   | Noticed Grum
  9494 | Bailey   | Killed Grum
  9511 | Bailey   | Slain by a wolf

Illustrated notes

Levels and vault maps discovered:
D:1:      dpeg_arrival_arbitrary_a, layout_basic,
          hellmonk_ecumenical_altar_watching_god
D:2:      layout_rooms, serial_undead, serial_undead_c, serial_undead_c,
          serial_undead_b, serial_undead_a, serial_undead_d, serial_undead_c
D:3:      layout_basic, gammafunk_temple_overflow_forgotten
D:4:      layout_basic, enter_ossuary_1
D:5:      layout_loops_ring, lemuel_coloured_pillars_altar, uniq_sigmund,
          uniq_edmund, uniq_grinder, uniq_crazy_yiuf_cottage, uniq_menkaure
D:6:      layout_basic, grunt_ministairs_2
D:7:      minmay_thinvault, layout_rooms, nicolae_overflow_crystal_walls,
          mainiacjoe_overflow_six_doors_small,
          chequers_temple_overflow_statue_of_worship,
          minmay_temple_entry_nine_rooms
D:8:      layout_cave_pools, lemuel_doored_altar
D:9:      layout_basic, enter_bailey_2
Bailey:   bailey_polearm_gnolls_kennysheep, bailey

Skill      XL: |  1  2  3  4  5  6  7  8  9 10 |
---------------+-------------------------------+-----
Armour         | 3 |  3.0
Shields        | 3 |  3.0
Axes           | 2 |  2.8
Fighting       | 4 |  4.3
Polearms       | 1 3 5 6 8 11 12 | 12.8
Throwing       | 1 2 3 4 5 6 |  6.3

Action                   |  1- 3 |  4- 6 |  7- 9 | 10-12 || total
-------------------------+-------+-------+-------+-------++-------
Melee: War axe           |   105 |     3 |       |       ||   108
       Tailslap          |    10 |    11 |    14 |     9 ||    44
       Glaive            |       |    90 |   189 |    97 ||   376
       Headbutt          |       |     8 |    20 |    13 ||    41
Throw: Boomerang         |       |     3 |    15 |     8 ||    26
Invok: Bend Time         |       |       |       |     2 ||     2
       Temporal Distorti |       |       |       |     1 ||     1
Evoke: Wand              |       |       |       |     1 ||     1
  Use: Potion            |     1 |     2 |     1 |    10 ||    14
       Scroll            |     5 |     4 |     4 |     1 ||    14
Armor: Scale mail        |    70 |    44 |    76 |    11 ||   201
       Plate armour      |       |       |       |    71 ||    71
Dodge: Dodged            |    86 |    51 |    98 |    51 ||   286
Block: Buckler           |    39 |       |       |       ||    39

Table legend: (Time is in decaauts)
 A = Elapsed time spent in this place.
 B = Non-inter-level travel time spent in this place.
 C = Inter-level travel time spent in this place.
 D = Time resting spent in this place.
 E = Time spent auto-exploring this place.
 F = Levels seen in this place.
 G = Mean time per level.
                   A        B        C        D        E       F      G
               +--------+--------+--------+--------+--------+-----+--------+
         Total |  11418 |  10878 |    540 |     21 |   9442 |  10 | 1141.8 |
       Dungeon |  10991 |  10451 |    540 |     21 |   9115 |   9 | 1221.2 |
        Bailey |    427 |    427 |      0 |      0 |    326 |   1 |  427.0 |
               +--------+--------+--------+--------+--------+-----+--------+

Top non-repeatable levels by time:
     D:7: 2453 daAuts
     D:5: 1766 daAuts
     D:6: 1611 daAuts
     D:1: 1273 daAuts
     D:8: 1146 daAuts
     D:4: 1137 daAuts
     D:2: 798 daAuts
     D:3: 718 daAuts
  Bailey: 427 daAuts
     D:9: 85 daAuts
